 Dungeon Crawl Stone Soup version 0.19.1-1-g22dce08 (webtiles) character file.

573 Jynx the Grave Robber (level 7, 0/46 HPs)
             Began as a Vampire Necromancer on Jan 15, 2017.
             Slain by Grinder (3 damage)
             ... on level 4 of the Dungeon.
             The game lasted 00:07:16 (5360 turns).

Jynx the Grave Robber (Vampire Necromancer)         Turns: 5360, Time: 00:07:16

Health: 0/46       AC:  2    Str:  7    XL:     7   Next: 12%
Magic:  12/12      EV: 18    Int: 18    God:
Gold:   226        SH:  0    Dex: 21    Spells: 3 memorised, 5 levels left

rFire  . . .     SeeInvis +     k - +0 dagger
rCold  + . .     Gourm    .     a - +0 robe
rNeg   + + .     Faith    .     (no shield)
rPois  +         Spirit   .     (no helmet)
rElec  .         Reflect  .     (no cloak)
rCorr  .         Harm     .     (no gloves)
MR     .....                    (no boots)
Stlth  +++++.....               r - amulet of regeneration
                                t - ring of wizardry
                                f - ring of flight

@: agile, regenerating slowly
A: fangs 3, see invisible, unbreathing
a: Bat Form, Evoke Flight


You were on level 4 of the Dungeon.
You were very thirsty.

You visited 1 branch of the dungeon, and saw 5 of its levels.

You collected 226 gold pieces.

Inventory:

Hand Weapons
 k - a +0 dagger (weapon)
Armour
 a - a +0 robe (worn)
Jewellery
 f - a ring of flight (left hand)
 r - an amulet of regeneration (around neck)
 t - a ring of wizardry (right hand)
Scrolls
 d - a scroll of immolation
 e - 4 scrolls of identify
 g - 3 scrolls of teleportation
Potions
 c - a potion of cure mutation {unknown}
 h - a potion of brilliance {unknown}
 i - a potion of agility
 m - a potion of mutation {unknown}
 n - 4 potions of curing {unknown}
 p - a potion of heal wounds {unknown}
 q - a potion of flight {unknown}
 s - a potion of ambrosia {unknown}
Books
 b - a book of Necromancy

   Spells                             Type                      Level
   a - Pain                           Necromancy                   1
   b - Animate Skeleton               Necromancy                   1
   c - Vampiric Draining              Necromancy                   3
   d - Regeneration                   Charms/Necromancy            3
   e - Animate Dead                   Necromancy                   4
   f - Control Undead                 Necromancy                   4


   Skills:
 + Level 2.9 Short Blades
 - Level 2.1 Dodging
 + Level 5.6 Stealth
 + Level 3.6 Spellcasting
 * Level 7.3 Necromancy


You had 5 spell levels left.
You knew the following spells:

 Your Spells              Type           Power        Failure   Level  Hunger
a - Pain                  Necr           ####         1%          1    None
b - Vampiric Draining     Necr           ####......   1%          3    ###....
c - Control Undead        Necr           ####......   4%          4    ####...


Dungeon Overview and Level Annotations

Branches:
Dungeon (5/15)
 Temple: D:4-7

Altars:
Elyvilon
Ru

Annotations:
D:4 Grinder


Innate Abilities, Weirdness & Mutations

You heal slowly.
You have razor-sharp teeth.
You have supernaturally acute eyesight. (SInv)
You can survive without breathing.


Message History

You struggle to resist.
Grinder hits you!
There is a stone staircase leading up here.
Grinder gestures at you.
You suddenly lose the ability to move!
Grinder hits you!
* * * LOW HITPOINT WARNING * * *
Grinder hits you.
* * * LOW HITPOINT WARNING * * *
Grinder gestures at you. Pain shoots through your body!
* * * LOW HITPOINT WARNING * * *
Grinder hits you but does no damage.
You can move again.
You climb upwards.
There is a stone staircase leading down here.
You feel agile all of a sudden.
You are feeling very thirsty.
Grinder hits you.
You die...

......#.#.# #.....####.#
......#...# #########......#
.....####.# #...........#..#
###.## #.######.#######.#.#..#
#.#####.....................#
#.#......###.............#.##
#.#.####.# #......####..##.#
#.#......###.####.####..##.#
#.#........#..@5........##.#
###.#...........###.###.####.#
.............##.# #.......##.#
.............##.###...(.#.##.#
###...........#.......###.##.#
#...).......###....)###.##.#
#...........# #......##.##.#
#...........# #......##.##.#
#...........# #......##....#


You could see Grinder.

Vanquished Creatures
  A scorpion (D:4)
  2 orc priests (D:3)
  A hound (D:4)
  4 orc wizards
  A bullfrog skeleton (D:4)
  Ijyb (D:2)
  An iguana (D:4)
  3 worker ants (D:4)
  7 adders
  A shadow imp (D:4)
  3 oozes (D:4)
  An adder skeleton (D:4)
  A worm (D:2)
  2 dart slugs
  2 leopard geckos
  5 orcs
  8 giant cockroaches
  6 goblins
  9 hobgoblins
  6 jackals
  2 quokkas
  6 bats
  3 frilled lizards
  7 kobolds
  3 rats
86 creatures vanquished.

Notes
Turn   | Place    | Note
-------+----------+-------------------------------------------
     0 | D:1      | Jynx the Vampire Necromancer began the quest for the Orb.
     0 | D:1      | Reached XP level 1. HP: 13/13 MP: 3/3
   323 | D:1      | Reached XP level 2. HP: 17/19 MP: 1/5
   963 | D:1      | Reached skill level 5 in Necromancy
  1284 | D:1      | Reached XP level 3. HP: 22/24 MP: 2/6
  1617 | D:2      | Learned a level 3 spell: Vampiric Draining
  1795 | D:2      | Noticed Ijyb
  1837 | D:2      | HP: 1/24 [Ijyb/club (4)]
  1871 | D:2      | Killed Ijyb
  1871 | D:2      | Reached XP level 4. HP: 4/30 MP: 2/8
  3077 | D:3      | Reached XP level 5. HP: 22/35 MP: 2/9
  3090 | D:3      | Reached skill level 1 in Short Blades
  3092 | D:3      | Reached skill level 6 in Necromancy
  3757 | D:3      | Found a faded altar of an unknown god.
  3757 | D:3      | Found a faded altar of an unknown god.
  3762 | D:3      | Found a faded altar of an unknown god.
  3764 | D:3      | Found a faded altar of an unknown god.
  3766 | D:3      | Found a white marble altar of Elyvilon.
  3953 | D:4      | Reached XP level 6. HP: 38/41 MP: 1/10
  4029 | D:4      | Learned a level 4 spell: Control Undead
  4242 | D:4      | Reached skill level 5 in Stealth
  4417 | D:4      | Found a sacrificial altar of Ru.
  4556 | D:3      | Reached skill level 7 in Necromancy
  4696 | D:4      | Reached XP level 7. HP: 36/46 MP: 6/12
  5341 | D:5      | Entered Level 5 of the Dungeon
  5341 | D:5      | Noticed Grinder
  5354 | D:5      | Paralysed by Grinder for 5 turns
  5357 | D:5      | HP: 2/46 [Grinder/nerve-wracking pain (2)]
  5360 | D:4      | Slain by Grinder

Skill      XL: |  1  2  3  4  5  6 |
---------------+-------------------+-----
Necromancy     | 5 6 7 |  7.3
Stealth        | 4 5 |  5.6
Short Blades   | 2 |  2.9
Spellcasting   | 3 |  3.6
Dodging        | |  2.1

Action                   |  1- 3 |  4- 6 |  7- 9 || total
-------------------------+-------+-------+-------++-------
Melee: Unarmed           |    10 |       |       ||    10
       Dagger            |    17 |    52 |    45 ||   114
       Bite              |     1 |     2 |     5 ||     8
 Cast: Pain              |    68 |   107 |    11 ||   186
       Vampiric Draining |       |     1 |       ||     1
       Control Undead    |       |       |     2 ||     2
  Use: Scroll            |       |     7 |       ||     7
       Potion            |       |       |     1 ||     1
 Stab: Sleeping          |       |     1 |     1 ||     2
  Eat: Corpse            |     6 |     6 |     1 ||    13
Armor: Robe              |     6 |    12 |     3 ||    21
Dodge: Dodged            |    25 |    70 |    17 ||   112
